Map: Disco Bloodbath LE

Players

Reynor - Winner!

  • Race: Zerg Zerg
  • League: Master
  • Spawn Location: 3:00

Scarlett

  • Race: Zerg Zerg
  • Spawn Location: 9:00

Event: NationWars 2019

VOD

Have the link to the VOD?

Description

Time

  • Played on: Nov. 15, 2019, 4:55 p.m.
  • Length: 7:25

All games in this series

Show
View Real Time Build Order
Export as new Build Order

Reynor Zerg - Winner!

Build Orders: Hatch First 

Get SALT Encoding   

  12  0:00  Drone  
  13  0:12  Overlord  
  13  0:17  Drone  
  14  0:30  Drone x2  
  16  0:47  Hatchery  
  15  0:50  Drone  
  15  0:54  Drone  
  18  0:57  Drone  
  18  1:08  Extractor  
  17  1:12  Spawning Pool  
  17  1:15  Drone  
  17  1:19  Drone  
  18  1:27  Drone  
  19  1:39  Drone  
  20  1:49  Drone  
  21  1:59  Overlord  
  21  2:00  Zergling x2, Queen x2  
  26  2:10  Drone x2  
  26  2:11  Metabolic Boost  
  28  2:20  Drone  
  28  2:21  Drone  
  30  2:33  Hatchery  
  30  2:36  Drone  
  30  2:41  Baneling Nest  
  30  2:42  Drone  
  30  2:45  Drone  
  30  2:47  Drone  
  32  2:53  Overlord  
  32  2:55  Zergling x2  
  33  3:07  Zergling x6  
  33  3:11  Zergling x6  
  33  3:12  Zergling x4  
  41  3:16  Overlord  
  41  3:19  Drone  
  42  3:24  Baneling  
  42  3:25  Baneling  
  42  3:28  Drone  
  42  3:30  Drone  
  44  3:38  Zergling x2  
  44  3:39  Zergling x4  
  44  3:40  Drone  
  47  3:44  Drone  
  47  3:45  Drone x4  
  52  3:49  Queen  
  52  3:52  Overlord  
  52  3:55  Baneling x2  
  53  4:01  Drone x3  
  54  4:06  Drone  
  54  4:07  Drone  
  55  4:17  Zergling x6  
  56  4:19  Drone x2  
  56  4:20  Drone x3  
  56  4:23  Drone  
  58  4:27  Drone  
  58  4:29  Roach Warren  
  58  4:30  Evolution Chamber  
  58  4:31  Drone, Extractor  
  55  4:32  Extractor  
  55  4:37  Drone  
  55  4:38  Overlord  
  53  5:04  Overlord  
  53  5:05  Overlord  
  53  5:09  Roach x10  
  53  5:12  Overlord  
  73  5:19  Overlord  
  72  5:24  Zergling x10  
  77  5:30  Zergling x8  
  77  5:33  Zergling x6  
  77  5:34  Zergling x6  
  87  5:37  Zergling x4  
  87  5:38  Ravager x2  
  87  5:39  Ravager x2  
  93  5:43  Zergling x2  
  93  5:48  Zergling x2  
  93  5:49  Zergling x2  
  96  5:54  Zergling x2  
  97  5:58  Overlord  
  97  5:59  Overlord  
  97  6:00  Zergling x6  
  100  6:04  Roach x2  
  100  6:05  Zergling x8  
  100  6:08  Ravager x2  
  106  6:12  Overlord  
  106  6:17  Zergling x10  
  106  6:18  Ravager x2  
  112  6:24  Ravager x2  
  109  6:26  Zergling x4  
  109  6:29  Zergling x8  
  109  6:31  Zergling x6  
  116  6:37  Zergling x2  
  116  6:39  Zergling x2  
  110  6:41  Roach  
  110  6:45  Zergling x6  
  107  6:48  Zergling x2  
  107  6:50  Roach  
  107  6:53  Roach  
  108  7:00  Zergling x12, Roach  
  114  7:03  Zergling x2  
  112  7:12  Ravager x2  
Show
View Real Time Build Order
Export as new Build Order

Scarlett Zerg 

Build Orders: Hatch First 

Get SALT Encoding   

  12  0:00  Drone  
  13  0:12  Overlord  
  13  0:17  Drone  
  14  0:31  Drone x2  
  16  0:47  Hatchery  
  15  0:51  Drone  
  15  0:54  Drone  
  17  0:57  Drone  
  18  1:09  Extractor  
  17  1:13  Spawning Pool  
  17  1:16  Drone  
  17  1:21  Drone  
  18  1:28  Drone  
  19  1:39  Drone  
  20  1:50  Drone  
  21  1:59  Queen  
  21  2:00  Queen  
  21  2:01  Drone, Overlord  
  26  2:10  Metabolic Boost  
  26  2:12  Zergling x2, Drone  
  28  2:21  Drone  
  28  2:22  Drone  
  30  2:33  Zergling x2  
  30  2:35  Hatchery  
  30  2:39  Drone  
  31  2:45  Queen  
  31  2:48  Overlord  
  33  2:52  Drone  
  34  3:00  Zergling x4  
  36  3:09  Drone x6  
  42  3:15  Overlord  
  42  3:22  Roach Warren  
  42  3:23  Drone  
  42  3:25  Drone  
  43  3:28  Drone  
  44  3:35  Zergling x4  
  44  3:37  Evolution Chamber  
  44  3:40  Overlord  
  44  3:41  Zergling x2  
  44  3:45  Zergling x4  
  44  3:46  Zergling x2  
  45  4:02  Roach x6  
  53  4:08  Queen  
  51  4:18  Drone x6  
  51  4:19  Drone  
  51  4:23  Zerg Missile Weapons Level 1  
  55  4:26  Ravager  
  55  4:30  Drone x4  
  58  4:39  Extractor, Queen  
  58  4:40  Extractor  
  58  4:41  Drone x2  
  60  4:47  Drone x4  
  64  4:54  Drone x2  
  65  5:00  Drone  
  65  5:01  Overlord x2  
  65  5:04  Overlord  
  65  5:06  Lair  
  66  5:10  Overlord  
  66  5:20  Overlord  
  66  5:23  Drone x5  
  66  5:24  Drone x4  
  75  5:28  Queen  
  75  5:31  Pneumatized Carapace  
  75  5:32  Drone  
  78  5:37  Drone, Overlord  
  78  5:40  Extractor  
  78  5:42  Extractor  
  78  5:43  Zergling x2  
  78  5:45  Drone, Extractor  
  78  5:50  Drone x2  
  78  5:51  Drone x2  
  78  5:52  Drone x3  
  85  5:59  Ravager x3  
  88  6:07  Overlord  
  88  6:08  Drone x2  
  88  6:10  Overseer  
  90  6:12  Roach  
  90  6:13  Roach x2  
  90  6:17  Roach x2  
  100  6:20  Roach  
  100  6:24  Roach  
  105  6:28  Roach x3  
  105  6:32  Queen  
  112  6:33  Queen  
  112  6:36  Roach x2  
  97  6:41  Roach  
  97  6:42  Roach x3  
  83  6:52  Roach  
  74  6:55  Roach  
  74  7:00  Roach  
  72  7:03  Roach x5  
Tags
 
Add a new tag
Caveats
  • Supply blocks, unpowered buildings, or Contaminate may cause inaccurate times.
  • Supply counts are checked every 10 seconds.